Cogmind - Beta 10.2 @@@ ROGUE MODE // 2021.07.18 @ 00:56:16 Player: User Result: Destroyed by G-47 Trooper with Particle Gun Performance ------------- Evolutions (0) 0 Regions Visited (1) 200 Robots Destroyed (10) 50 Value Destroyed (203) 203 Prototype IDs (0) 0 Alien Tech Used (0) 0 Bonus (0) 0 TOTAL SCORE: 453 Bonus ------- None Cogmind --------- Core Integrity 0/250 Matter 209/300 Energy 98/100 System Corruption 0% Temperature Cool (9) Movement Core (100) Ox1 Location -10/Materials Parts ------- > --- POWER (1) -------- (None) > --- PROPULSION (2) --- (None) > --- UTILITY (2) ------ Small Storage Unit > --- WEAPON (2) ------- (None) > --- INVENTORY (6) ---- Ion Engine Light Ion Engine Aluminum Leg Peak State ------------ > --- POWER ------------ Ion Engine > --- PROPULSION ------- Aluminum Leg Aluminum Leg > --- UTILITY ---------- Small Storage Unit > --- WEAPON ----------- Assault Rifle Light Assault Rifle > --- INVENTORY -------- Light Ion Engine Light Ion Engine Small Laser Datajack [Rating: 6] Favorites ----------- Power Ion Engine Engine Ion Engine Propulsion Aluminum Leg Leg Aluminum Leg Utility Small Storage Unit Storage Small Storage Unit Weapon Assault Rifle Energy Gun Small Laser Ballistic Gun Assault Rifle Special Weapon Welding Torch Special Melee Weapon Datajack Build | -11 -10 ------- Run | Scr Mat Slots Evolved . | . . Power . | . . Propulsion . | . . Utility . | . . Weapon . | . . Parts Attached 11 | 3 8 Power 2 | . 2 Engine 2 | . 2 Core . | . . Reactor . | . . Propulsion 3 | 2 1 Treads . | . . Leg 3 | 2 1 Wheel . | . . Hover . | . . Flight . | . . Utility 1 | 1 . Device . | . . Storage 1 | 1 . Processor . | . . Hackware . | . . Protection . | . . Artifact . | . . Weapon 5 | . 5 Energy Gun 1 | . 1 Energy Cannon . | . . Ballistic Gun 2 | . 2 Ballistic Cannon . | . . Launcher . | . . Special Weapon 1 | . 1 Impact Weapon . | . . Slashing Weapon . | . . Piercing Weapon . | . . Special Melee Weapon 1 | . 1 Unidentified Prototypes . | . . Parts Lost 9 | . 9 Power 1 | . 1 Propulsion 3 | . 3 Utility . | . . Weapon 5 | . 5 Highest Loss Streak 8 | . 8 Average Slot Usage (%) 56 | . 56 Engine 3 | . 3 Leg 15 | . 15 Storage 14 | . 14 Energy Gun 1 | . 1 Ballistic Gun 20 | . 20 Special Melee Weapon 1 | . 1 Naked Turns . | . . Heaviest Build 12 | 4 12 Greatest Support 20 | 20 20 Greatest Overweight (x) 2 | . 2 Average Overweight (x) . | . . Largest Inventory Capacity 6 | 6 6 Average Capacity 5 | 5 6 Most Carried 6 | 5 6 Average Carried 3 | 3 3 Final Capacity 6 | 6 6 Final Carried 5 | 5 3 Class Distribution -------------------- 100% | Mutant Dominant Class ---------------- Mutant | -10/Materials Resources | -11 -10 ----------- Run | Scr Mat Matter Collected 300 | 205 95 Remotely . | . . Salvage Created 291 | . 291 Parts 24 | . 24 Haulers Intercepted . | . . Recyclers Shooed 1 | . 1 Parts Field Recycled . | . . Retrieved Matter . | . . Parts Self-Destructed . | . . Prevented . | . . Kills | -11 -10 ------- Run | Scr Mat Combat Hostiles Destroyed 7 | . 7 Guns 7 | . 7 Classes Destroyed 4 | . 4 Builder 1 | . 1 Watcher 2 | . 2 Swarmer 3 | . 3 Grunt 4 | . 4 Best Kill Streak 5 | . 5 Combat Bots Only 4 | . 4 Max Kills in Single Turn 1 | . 1 Gunslinging . | . . Exploded . | . . Melee . | . . Uniques/NPCs Destroyed . | . . Combat | -11 -10 -------- Run | Scr Mat Damage Taken 970 | . 970 Core 253 | . 253 Absorbed by Shields . | . . Core Remaining (%) 100 | 100 . Volleys Fired 40 | . 40 Largest 2 | . 2 Hottest 60 | . 60 Shots Fired 78 | . 78 Gun 76 | . 76 Cannon . | . . Launcher . | . . Special 2 | . 2 Kinetic 74 | . 74 Thermal 4 | . 4 Explosive . | . . Electromagnetic . | . . Robot Hit Streak 9 | . 9 Robot Miss Streak 5 | . 5 Penetration Max . | . . Secondary Targets 3 | . 3 Max Gunslinging Chain 1 | . 1 Shots Hit Robots 44 | . 44 Core Hits 24 | . 24 Critical Hits 1 | . 1 Critical Kills 1 | . 1 Critical Parts Destroyed . | . . Melee Attacks 3 | . 3 Impact . | . . Slashing . | . . Piercing . | . . Sneak Attacks . | . . Combat Hostiles . | . . Follow-up Attacks . | . . Damage Inflicted 412 | . 412 Guns 397 | . 397 Cannons . | . . Explosions . | . . Melee . | . . Ramming 9 | . 9 Kinetic 385 | . 385 Thermal 18 | . 18 Explosive . | . . Electromagnetic . | . . Impact . | . . Slashing . | . . Piercing . | . . Highest Corruption . | . . Average Corruption . | . . Corruption Purged . | . . Overload Shots . | . . Overflow Damage . | . . Projectiles . | . . Explosions . | . . Melee . | . . Knockbacks . | . . Impact . | . . Kinetic . | . . Secondary . | . . Self-Inflicted Damage 2 | . 2 Shots . | . . Rammed 7 | . 7 Targets Rammed 7 | . 7 Kicked . | . . Crushed . | . . Highest Temperature 30 | . 30 Average Temperature 12 | . 12 Received Heat Transfer 360 | . 360 Siege Activations . | . . Robots Corrupted . | . . Combat Hostiles . | . . Parts Fried . | . . Impact Corruptions . | . . Robots Melted . | . . Combat Hostiles . | . . Parts Melted . | . . Heat Transferred 75 | . 75 Parts Sabotaged . | . . Parts Stolen . | . . Parts Stripped . | . . Power Chain Reactions . | . . Missiles Intercepted . | . . Alert | -11 -10 ------- Run | Scr Mat Peak Influence 174 | . 174 Initial . | . . Average 65 | . 81 Maximum Alert Level . | . . Low Security (%) 100 | 100 100 Level 1 . | . . Level 2 . | . . Level 3 . | . . Level 4 . | . . Level 5 . | . . High Security . | . . Max Security . | . . Squads Dispatched 1 | . 1 Investigation . | . . Extermination . | . . Reinforcement 1 | . 1 Assault . | . . Garrison . | . . Intercept . | . . Construction Impeded . | . . Haulers Reinforced . | . . Stealth | -11 -10 --------- Run | Scr Mat Distress Signals 1 | . 1 Communications Jammed . | . . Distress Signals . | . . Times Spotted 14 | . 14 Peak Tracking Total 3 | . 3 Tactical Retreats . | . . Traps | -11 -10 ------- Run | Scr Mat Traps Triggered 1 | . 1 Indirectly . | . . Trap Hack Attempts . | . . Triggered . | . . Disarmed . | . . Reprogrammed . | . . Reused . | . . Traps Extracted . | . . Installed . | . . Triggered . | . . Machines | -11 -10 ---------- Run | Scr Mat Machines Disabled . | . . Max in Single Turn . | . . Machines Sabotaged . | . . Garrisons Compromised . | . . Overloaded Fab Kills . | . . Fab Network Shutdowns . | . . Hacking | -11 -10 --------- Run | Scr Mat Machines Accessed 1 | . 1 Terminals 1 | . 1 Fabricators . | . . Repair Stations . | . . Recycling Units . | . . Scanalyzers . | . . Garrison Access . | . . Total Hacks 4 | . 4 Successful . | . . Failed 4 | . 4 Catastrophic . | . . Database Lockouts . | . . Manual . | . . Terminals 4 | . 4 Fabricators . | . . Repair Stations . | . . Recycling Units . | . . Scanalyzers . | . . Garrison Access . | . . Terminal Hacks . | . . Fabricator Hacks . | . . Repair Station Hacks . | . . Recycling Unit Hacks . | . . Scanalyzer . | . . Garrison Access Hacks . | . . Unauthorized Hacks . | . . Terminals . | . . Fabricators . | . . Repair Stations . | . . Recycling Units . | . . Scanalyzers . | . . Garrison Access . | . . Data Cores Recovered . | . . Used . | . . Hacking Detections 1 | . 1 Full Trace Events . | . . Feedback Events . | . . Feedback Blocked . | . . Robot Schematics Acquired . | . . Robots Built . | . . Matter . | . . Time . | . . Total Robot Build Rating . | . . Part Schematics Acquired . | . . Parts Built . | . . Matter . | . . Time . | . . Total Part Build Rating . | . . Parts Repaired . | . . Time . | . . Parts Recycled . | . . Recycled Matter . | . . Retrieved Matter . | . . Retrieved Components . | . . Parts Scanalyzed . | . . Part Schematics Acquired . | . . Parts Damaged . | . . Bothacking | -11 -10 ------------ Run | Scr Mat Used RIF Installer . | . . Robots Hacked 2 | . 2 Non-combat . | . . Combat 2 | . 2 Robot Hacks Applied 2 | . 2 parse_system 2 | . 2 Relay Couplers Released . | . . Robots Rewired . | . . Allies Hacked . | . . Hacks Repelled . | . . Allies | -11 -10 -------- Run | Scr Mat Total Allies . | . . Largest Group . | . . Highest-Rated Group . | . . Highest-Rated Ally . | . . Total Orders . | . . Ally Attacks . | . . Total Damage . | . . Kills . | . . Allies Corrupted . | . . Allies Melted . | . . Intel | -11 -10 ------- Run | Scr Mat Robot Analysis Total . | . . Derelict Logs Recovered . | . . Drone Launches . | . . Drone Recoveries . | . . Exploration | -11 -10 ------------- Run | Scr Mat Turns Passed 283 | 56 227 Spaces Moved 115 | 42 73 Core 11 | 7 4 Treads . | . . Legs 104 | 35 69 Wheels . | . . Hover . | . . Flight . | . . Fastest Speed 50 | 50 100 Average Speed 116 | 108 120 Slowest Speed 150 | 120 150 Overloaded Moves . | . . Propulsion Burnouts . | . . Robots Hopped . | . . Cave-ins Triggered . | . . Exploration Rate (%) 9 | 3 16 Regions Visited 1 Branch Regions . Pre-discovered Areas . | . . Known Exits Taken . | . . Unknown Exits Taken 1 | 1 . Scrap Searched . | . . Spaces Dug . | . . Terrain Destroyed . | . . Melee . | . . Projectile . | . . AOE . | . . Terrain Rammed . | . . Walls Destroyed . | . . Machines Disabled . | . . Actions | -11 -10 --------- Run | Scr Mat Total 188 | 52 136 Wait . | . . Move 114 | 41 73 Hop . | . . Pick Up 13 | 8 5 Fast Attach . | . . Attach 10 | 3 7 Detach . | . . Swap 1 | . 1 Drop . | . . Fire 40 | . 40 Melee 3 | . 3 Ram 7 | . 7 Kick . | . . Crush . | . . Escape Stasis . | . . Rewire . | . . Trap . | . . Miscellaneous . | . . Route ------- -11/Scrapyard -10/Materials History --------- Turn | Location | Event 2 | -11/Scrapyard | Discovered new exit (range 16) 57 | -11/Scrapyard | Entered Materials 267 | -10/Materials | Core integrity fell below 50% 279 | -10/Materials | Core integrity fell below 20% 284 | -10/Materials | Destroyed by G-47 Trooper with Particle Gun Last Messages --------------- U-05 Engineer lays Concrete. Slammed into G-47 Trooper. U-05 Engineer lays Concrete. R-06 Scavenger collects Terrain Scanner. U-05 Engineer lays Concrete. Acquired Welding Torch. U-05 Engineer lays Concrete. Lgt. Ion Engine destroyed. U-05 Engineer lays Concrete. R-06 Scavenger collects Wheel. U-05 Engineer lays Concrete. R-06 Scavenger collects Visual Processing Unit. U-05 Engineer lays Concrete. R-06 Scavenger collects Terrain Scanner. U-05 Engineer builds a Wall. Welding Torch destroyed. Acquired Aluminum Leg. Slammed into G-34 Mercenary. U-05 Engineer builds a Wall. Slammed into G-34 Mercenary. Map ----- +----------------------------------------------------+ | ?????????????????????????????????????????????????? | | ?????????????????????????????????????????????????? | | ???????? ???????????????????????????????????????? | | ???????? ???????????????????????????????????????? | | ???????? ????????? ??????????????????????????? | | ???????# ????????? ??????????????????????????? | | ???????# ????????? "??????????????????????????? | | ???????# #???????# ""?? #?????????????????????? | | ???????# #???????# """? T?????????????????????? | | ???????# #???????# ?? #?????????????????????? | | ???????# #???????# ""????????????????????? | | ???????# #??????"" ^""" ""????????????????????? | | ???????# #?????#"" """ T"????????????????????? | | ???????# #?????#"T """ ""????????????????????? | | ???????# #?????#"" ^ ""????????????????????? | | ???????# #??????"" ^ #?????????????????????? | | ???????# #########% """ #?????????????????????? | | ######## % ^ """r #?????????????????????? | | """ #?????????????????????? | | % #?????????????????????? | | % % #?????????????????????? | | ######+######+### r ! #?????????????????????? | | #??? ?# ######=%!g #?????????????????????? | | #?# ## ""######u% #?????????????????????? | | #?#! [[[ ## T"## ! [#?????????????????????? | | #?# [[[ ## ""## @a#?????????????????????? | | #?# [[ ## ## # g kk #????????????????? | | #?# ## ## # #????????????????? | | #?######### ## ?# #????????????????? | | #?????????# ## ?######## +????????????????? | | #?????????# ## ?????????? #????????????????? | | #?????????########??????????? #????????????????? | | #???????????????????????????? #????????????????? | | #????????????????????????????? #????????????????? | | ???????????????????????????????#????????????????? | | ?????????????????????????????????????????????????? | | ?????????????????????????????????????????????????? | | ?????????????????????????????????????????????????? | | ?????????????????????????????????????????????????? | | ?????????????????????????????????????????????????? | | ?????????????????????????????????????????????????? | | ?????????????????????????????????????????????????? | | ?????????????????????????????????????????????????? | | ?????????????????????????????????????????????????? | | ?????????????????????????????????????????????????? | | ?????????????????????????????????????????????????? | | ?????????????????????????????????????????????????? | | ?????????????????????????????????????????????????? | | ?????????????????????????????????????????????????? | | ?????????????????????????????????????????????????? | +----------------------------------------------------+ Best States ------------- Heat Dissipation 25 Energy Generation 10 Energy Capacity 250 Matter Stores 275 Matter Capacity 300 Sight Range 16 Terrain Scan Density 10 Evasion (%) 40 Item Schematics ----------------- None Robot Schematics ------------------ None Fabricated ------------ Nothing Alien Tech Used ----------------- None Achievements -------------- None Challenges ------------ None Game ------ Seed CannonHoverBlaster Manual? 0 Play Time 00:07:21 Cumulative 15.6 hours Start 2021.07.18 @ 00:52:12 End 2021.07.18 @ 00:56:16 Sessions 1 Manual Loads 0 Difficulty Rogue Special Mode None Game No. 32 Rogue 32 Adventurer 0 Explorer 0 Win Type - Total 0 Types 0/0/0/0/0/0/0/0/0 Lore% 23 Gallery% 23 Achievement% 17 Wizard Run 0 Options --------- ASCII 0 Keyboard 0 Movement Mouse Keybinds 0 Fullscreen 2 Font 20/Terminus Map View 66x50 Tactical HUD 0 Map Filters NONE Filters NONE Steam 1 RUN: a6de6aad-ca8b-4aa6-abff-4666413c64e6